AoeStats
← 帝国的铁汉

MegaRandom

508039788Analyzed
2v2 RM · 12d ago on Sep 20, 2026· 52m 12s· 4 players
Game mode
Random Map
Map size
Medium (4 player)
Population
200
Speed
Normal
Resources
Standard
Victory
Conquest
Starting age
Dark Age
Ending age
Imperial Age
RankedLock teamsTeams togetherTeam positionsShared explorationLock speedFull tech treeHidden civsTurbo modeCheats
Victory
Defeat
🇨🇳 Mongols · China
1411
+15
🇨🇳 Persians · China
1364
+17
🇹🇷 Mongols · Türkiye
1438
-18
🇹🇷 Berbers · Türkiye
1345
-14
帝国的铁汉
11:38 Feudal Age
12:11 Double-Bit Axe
12:16 Fishing Lines
12:58 Fletching
19:34 Wheelbarrow
22:25 Castle Age
21:18 Horse Collar
21:31 Gold Mining
23:29 Medium Warships
23:29 Bodkin Arrow
24:43 Clinker Construction
26:52 Loom
27:24 Hand Cart
27:22 Gillnets
28:47 Town Watch
29:34 Ballistics
31:05 Gold Shaft Mining
35:07 Imperial Age
33:18 Bow Saw
33:00 Stone Mining
33:21 Heavy Plow
36:30 Chemistry
36:27 Heavy Warships
36:48 Conscription
36:38 Elite Cannon Galleon
39:02 Two-Man Saw
39:55 Careening
42:00 Siphons
42:16 Carvel Hull
44:18 Incendiaries
45:24 Dry Dock
46:54 Pikeman
47:35 Squires
47:44 Scale Mail Armor
47:54 Forging
47:39 Arson
48:23 Elite War Elephant
49:09 Devotion
49:17 Scale Barding Armor
49:46 Kamandaran
49:50 Padded Archer Armor
50:35 Crossbowman
51:21 Thumb Ring
52:23 Leather Archer Armor
51:43 Capped Ram
王大狗魔祖师
12:15 Feudal Age
13:21 Double-Bit Axe
13:56 Forging
24:14 Castle Age
23:52 Horse Collar
24:06 Gold Mining
25:06 Medium Warships
25:35 Iron Casting
28:28 Wheelbarrow
28:15 Loom
28:54 Scale Barding Armor
31:35 Bow Saw
34:44 Imperial Age
34:21 Chain Barding Armor
34:08 Town Watch
35:10 Bloodlines
36:04 Husbandry
37:22 Chemistry
37:13 Heavy Warships
38:48 Elite Steppe Lancer
40:02 Clinker Construction
40:04 Careening
41:17 Carvel Hull
41:15 Hand Cart
41:25 Siphons
45:30 Blast Furnace
48:15 Conscription
OsmanAbi
9:12 Feudal Age
12:38 Double-Bit Axe
17:10 Fletching
18:25 Loom
19:37 Horse Collar
22:23 Castle Age
23:49 Town Watch
24:55 Bodkin Arrow
28:25 Medium Warships
29:21 Ballistics
30:28 Clinker Construction
30:30 Careening
30:27 Siphons
30:45 Bow Saw
32:14 Wheelbarrow
32:33 Masonry
37:09 Imperial Age
37:56 Bracer
38:59 Chemistry
39:25 Heavy Warships
43:47 Carvel Hull
Sem
9:14 Loom
9:53 Loom
11:44 Feudal Age
12:32 Double-Bit Axe
18:45 Castle Age
18:54 Horse Collar
19:44 Medium Warships
21:49 Bow Saw
23:55 Heavy Plow
23:53 Gold Mining
24:15 Fletching
24:20 Loom
25:53 Bodkin Arrow
28:01 Wheelbarrow
29:37 Stone Mining
30:39 Padded Archer Armor
32:06 Ballistics
33:34 Siphons
33:43 Careening
33:46 Clinker Construction
38:06 Imperial Age
37:40 Leather Archer Armor
37:35 Kasbah
39:13 Hand Cart
40:16 Chemistry
39:36 Demolition Ship
40:53 Heavy Warships
41:06 Bracer
41:36 Ring Archer Armor
41:47 Shipwright
41:57 Dry Dock
41:58 Shipwright
43:32 Conscription
44:30 Elite Camel Archer
45:25 Husbandry
45:35 Bloodlines
46:35 Cavalier
Connection lost

Rejoining the realm…

Still unreachable

The connection could not be restored.

Session expired

The server has moved on; the page needs a fresh start.